 Dungeon Crawl Stone Soup version 0.30-a0-989-g0d87f670db (webtiles) character file.

Game seed: 13449404905842408792

3539 jasper the Magician (level 9, -13/72 HPs)
             Began as a Demigod Conjurer on Apr 3, 2023.
             Mangled by a komodo dragon (26 damage)
             ... on level 7 of the Dungeon.
             The game lasted 00:08:47 (8061 turns).

jasper the Magician (Demigod Conjurer)              Turns: 8061, Time: 00:08:48

Health: -13/72     AC:  6    Str:  8    XL:     9   Next: 53%
Magic:  17/33      EV: 13    Int: 32    God:
Gold:   281        SH:  0    Dex: 12    Spells: 9/23 levels left

rFire   . . .      SeeInvis .    o - +1 whip (freeze)
rCold   . . .      Faith    .    (no shield)
rNeg    . . .      Spirit   .    a - +0 robe
rPois   .          Reflect  .    m - +1 helmet
rElec   .          Rampage  .    c - +0 cloak
rCorr   +                        (no gloves)
Will    .....                    s - +0 pair of boots
Stlth   ++                       (no amulet)
HPRegen 0.32/turn                w - ring of magical power
MPRegen 0.23/turn                y - ring of resist corrosion

@: no status effects
A: high MP 1, forlorn, divine attributes
a: no special abilities


You were on level 7 of the Dungeon.
You visited 1 branch of the dungeon, and saw 7 of its levels.

You collected 281 gold pieces.

Inventory:

Hand Weapons
 e - a +0 mace
 o - a +1 whip of freezing (weapon)
Missiles
 d - 86 stones
 g - 8 poisoned darts
 x - a throwing net
Armour
 a - a +0 robe (worn)
 c - a +0 cloak (worn)
 m - a +1 helmet (worn)
 s - a +0 pair of boots (worn)
Jewellery
 w - a ring of magical power (left hand)
 y - a ring of resist corrosion (right hand)
 A - a ring of see invisible
Wands
 j - a wand of flame (34)
 p - a wand of polymorph (7)
Scrolls
 l - a scroll of amnesia
 n - 3 scrolls of teleportation
 u - a scroll of summoning {unknown}
 C - a scroll of silence
 D - a scroll of poison
Potions
 b - 2 potions of magic
 f - 3 potions of mutation
 h - 2 potions of haste
 i - 3 potions of might
 k - 2 potions of berserk rage
 q - 2 potions of heal wounds {unknown}
 r - a potion of attraction {unknown}
 t - 3 potions of curing {unknown}
 v - a potion of degeneration {unknown}
 z - a potion of flight {unknown}


   Skills:
 + Level 4.5 Fighting
 + Level 5.0 Dodging
 - Level 1.7 Stealth
 * Level 7.5 Spellcasting
 - Level 6.0 Conjurations
 - Level 4.0 Hexes
 - Level 4.0 Translocations


You had 9 spell levels left.
You knew the following spells:

 Your Spells              Type           Power      Damage    Failure   Level
a - Magic Dart            Conj           100%       1d8       1%          1
b - Searing Ray           Conj           100%       2d8       1%          2
c - Fulminant Prism       Conj/Hex       22%        3d12      4%          4
d - Iskenderun's Mystic   Conj/Tloc      44%        2d10      4%          4
e - Mephitic Cloud        Conj/Pois/Air  24%        N/A       5%          3

Your spell library contained the following spells:

 Spells                   Type           Power      Damage    Failure   Level
 Dazzling Flash           Conj/Hex       88%        N/A       1%          3
 Cigotuvi's Dreadful Rot  Necr/Pois/Air  24%        N/A       6%          2
 Poisonous Vapours        Pois/Air       24%        N/A       6%          2
 Airstrike                Air            6%         2d(1-17)  36%         4
 Summon Lightning Spire   Summ/Air       12%        N/A       36%         4
 Plasma Beam              Fire/Air       6%         2x1d12    73%         5


Dungeon Overview and Level Annotations

Branches:
Dungeon (7/15)             Temple (0/1) D:6

Shops:
D:5 !

Annotations:
D:2 Terence


Innate Abilities, Weirdness & Mutations

You have an increased reservoir of magic. (+10% MP)
You shall have no god before yourself.
Your divine heritage dramatically boosts your attributes as you level up.


Message History

Confirm with . or Enter, or press ? or * to list all spells.
Aiming: Searing Ray (safe; 1% risk of failure)
Press: ? - help, Shift-Dir - straight line, f - komodo dragon
Aim: a komodo dragon (moderately wounded, 87% to hit)
The searing ray hits the komodo dragon but does no damage.
The komodo dragon is moderately wounded.
The searing ray hits the troll.
The troll is severely wounded. (Press . to maintain the ray.)
The komodo dragon completely misses you.
You now have 26/32 mp.
The searing ray hits the komodo dragon.
The komodo dragon is moderately wounded.
The searing ray hits the troll!
The troll is almost dead.
The komodo dragon bites you!!
You take 26 damage, and have 41/72 hp.
MASSIVE DAMAGE!!
You now have 25/32 mp.
The searing ray hits the komodo dragon but does no damage.
The komodo dragon is moderately wounded.
The searing ray hits the troll!
You kill the troll!
The komodo dragon bites you!
Your Dodging skill increases to level 5!
You take 11 damage, and have 30/72 hp.
You now have 24/33 mp.
Casting: Searing Ray (safe; 1% risk of failure)
Confirm with . or Enter, or press ? or * to list all spells.
You erupt in a blast of force!
The mystic blast hits the komodo dragon but does no damage.
The komodo dragon is moderately wounded.
The komodo dragon bites you!!
* * * LOW HITPOINT WARNING * * *
You take 18 damage, and have 12/72 hp.
MASSIVE DAMAGE!!
You now have 20/33 mp.
Okay, then.
Casting: Iskenderun's Mystic Blast (dangerous; 4% risk of failure)
Confirm with . or Enter, or press ? or * to list all spells.
You erupt in a blast of force!
The mystic blast hits the komodo dragon!
The komodo dragon is severely wounded.
The komodo dragon bites you!!
You die...

#.###### ################
#.##...########..............#
##.#........................#.###
#.....#####################......
......#,,,*,*,,,##.#.#.#.##.####.
#.....#,,,*,*,,,#.#.#.#.#.#.####.
##.##.#,,+*,*+,,#.#.#.#.#.#...##.
......#**#..+#####.#.#.#.##.#.##.
##.#..#,,,,#..†l@#.#.#.#.##......
##+##.#**#~..####.#.#.#.#.#..####
#...#.#,,+*,*+,,#.#.#.#.#.#.##
......#,,,*,*,,,##.#.#.#.##.# #
......#,,,*,*,,,*#.#.#.#.##.# ##
......##########*####.#####.####.
......##.#.#.#.###.......##....'.
......#.........#.#..)..#.#.####.
......##.#.#.#.##..#...#..#.# ##


You could see a komodo dragon.

Vanquished Creatures
  Pikel (D:4)
  A troll (D:7)
  Sigmund (D:6)
  Menkaure (D:7)
  A water moccasin (D:5)
  An ice beast (D:7)
  3 sky beasts
  An orc warrior (D:7)
  A centaur (D:7)
  3 ogres
  A phantom (D:6)
  2 lemures (D:4)
  A kobold brigand (D:7)
  4 bullfrogs
  5 scorpions
  7 wights (D:7)
  2 howler monkeys (D:6)
  3 hounds
  A jelly (D:4)
  2 orc priests
  3 orc wizards (D:4)
  A sleepcap (D:4)
  3 iguanas
  8 gnolls
  11 adders
  2 shadow imps (D:7)
  2 ufetubi
  A dart slug (D:1)
  15 orcs
  2 endoplasms
  5 goblins (D:3)
  5 hobgoblins
  5 jackals
  6 quokkas
  4 ball pythons
  A bat (D:1)
  3 frilled lizards (D:1)
  12 kobolds
  5 rats
136 creatures vanquished.

Notes
Turn   | Place    | Note
-------+----------+-------------------------------------------
     0 | D:1      | jasper the Demigod Conjurer began the quest for the Orb.
     0 | D:1      | Reached XP level 1. HP: 14/14 MP: 5/5
   147 | D:1      | Reached skill level 2 in Spellcasting
   526 | D:1      | Reached XP level 2. HP: 20/20 MP: 2/7
   529 | D:1      | Learned a level 2 spell: Searing Ray
  1196 | D:2      | Noticed Terence
  1288 | D:3      | Reached XP level 3. HP: 26/26 MP: 0/9
  1397 | D:3      | Reached skill level 3 in Spellcasting
  1559 | D:3      | Noticed a great orb of eyes
  1560 | D:3      | Noticed a floating eye
  1561 | D:3      | Noticed a floating eye
  1561 | D:3      | Noticed a great orb of eyes
  2302 | D:4      | Reached XP level 4. HP: 33/33 MP: 9/12
  2307 | D:4      | Learned a level 4 spell: Fulminant Prism
  2334 | D:4      | Reached skill level 4 in Spellcasting
  2427 | D:4      | Learned a level 4 spell: Iskenderun's Mystic Blast
  2467 | D:4      | Reached XP level 5. HP: 7/38 MP: 4/14
  2663 | D:4      | Reached skill level 1 in Hexes
  2839 | D:4      | Noticed Pikel
  2852 | D:4      | Killed Pikel
  2853 | D:4      | Reached skill level 5 in Conjurations
  2853 | D:4      | Reached XP level 6. HP: 5/45 MP: 2/15
  2853 | D:4      | Reached XP level 7. HP: 5/50 MP: 2/16
  3130 | D:4      | Reached skill level 1 in Translocations
  3194 | D:4      | Learned a level 3 spell: Mephitic Cloud
  4352 | D:5      | Entered Level 5 of the Dungeon
  4498 | D:5      | Reached skill level 1 in Fighting
  4498 | D:5      | Reached XP level 8. HP: 51/59 MP: 8/18
  4607 | D:5      | Found Vom Qups's Distillery.
  5865 | D:6      | Reached skill level 5 in Spellcasting
  5869 | D:6      | Noticed Sigmund
  5873 | D:6      | Killed Sigmund
  6091 | D:6      | Found a staircase to the Ecumenical Temple.
  6773 | D:7      | Reached skill level 6 in Spellcasting
  6891 | D:7      | Reached XP level 9. HP: 52/70 MP: 13/22
  7563 | D:7      | Noticed Menkaure
  7571 | D:7      | Killed Menkaure
  7926 | D:7      | Reached skill level 7 in Spellcasting
  8051 | D:7      | Noticed a komodo dragon
  8060 | D:7      | Reached skill level 5 in Dodging
  8061 | D:7      | Mangled by a komodo dragon

Illustrated notes

Levels and vault maps discovered:
D:1:      saegor_arrival_simple_b, layout_basic
D:2:      cheibrodos_fertilizer, layout_loops_ring, basic_altar,
          minmay_misc_feat_tiny, uniq_terence
D:3:      layout_rooms, nicolae_wu_jian_immortal_techniques,
          hellmonk_ecumenical_altar_watching_god, serial_curves, eino_curves_02,
          eino_curves_02
D:4:      layout_basic, grunt_gozag_breadcrumbs, nicolae_ashenzari_skybound,
          cheibriados_altar_1, uniq_pikel
D:5:      layout_layer_cave, elyvilon_altar_5, serial_shops,
          nicolae_take_the_stairs, roderic_serpentine_path,
          serial_bayou_crossing
D:6:      layout_basic, okawaru_gym_becter, minmay_temple_entry_offerings,
          uniq_sigmund
D:7:      layout_loops_corners, hangedman_decor_lopped, minmay_the_grid_2x2
          [minmay_the_grid_minigrid_small_alt, minmay_the_grid_x,
          minmay_the_grid_stretched_grid, minmay_the_grid_prize_four_corners],
          uniq_menkaure

Skill      XL: |  1  2  3  4  5  6  7  8  9 |
---------------+----------------------------+-----
Spellcasting   | 2 3 4 6 7 |  7.5
Conjurations   | 4 5 6 |  6.0
Hexes          | 3 4 |  4.0
Translocations | 4 |  4.0
Dodging        | 2 3 5 |  5.0
Fighting       | 1 3 4 |  4.5
Stealth        | |  1.7

Action                     |  1- 3 |  4- 6 |  7- 9 || total
---------------------------+-------+-------+-------++-------
  Melee: Mace              |     3 |     1 |       ||     4
         Whip              |       |       |    16 ||    16
   Cast: Magic Dart        |    76 |    11 |    82 ||   169
         Searing Ray       |     3 |    12 |    54 ||    69
         Iskenderun's Myst |       |       |    11 ||    11
    Use: Scroll            |     4 |       |    11 ||    15
 Armour: Robe              |     2 |     3 |    17 ||    22
  Dodge: Dodged            |    13 |    19 |    59 ||    91

Table legend: (Time is in decaauts)
 A = Elapsed time spent in this place.
 B = Non-inter-level travel time spent in this place.
 C = Inter-level travel time spent in this place.
 D = Time resting spent in this place.
 E = Time spent auto-exploring this place.
 F = Levels seen in this place.
 G = Mean time per level.
                   A        B        C        D        E       F      G
               +--------+--------+--------+--------+--------+-----+--------+
         Total |   8067 |   7826 |    241 |    573 |   6496 |   7 | 1152.4 |
       Dungeon |   8067 |   7826 |    241 |    573 |   6496 |   7 | 1152.4 |
               +--------+--------+--------+--------+--------+-----+--------+

Top non-repeatable levels by time:
     D:4: 2053 daAuts
     D:5: 1512 daAuts
     D:7: 1368 daAuts
     D:1: 1193 daAuts
     D:3: 1100 daAuts
     D:6: 834 daAuts
     D:2: 4 daAuts
